 Dungeon Crawl Stone Soup version 0.31.0-11-ge490571c62 (webtiles) character file.

Game seed: 1412245443119040186

812 firemarshallily the Trooper (level 7, -15/51 (52) HPs)
             Began as an Octopode Berserker on Feb 9, 2024.
             Was a Priest of Trog.
             Shot with an arrow by a centaur (16 damage)
             ... on level 5 of the Dungeon.
             The game lasted 00:10:42 (3924 turns).

firemarshallily the Trooper (Octopode Berserker)    Turns: 3924, Time: 00:10:43

HP:   -15/51 (52)   AC:  1    Str: 18    XL:     7   Next: 93%
MP:   7/7           EV: 14    Int: 10    God:    Trog [***...]
Gold: 328           SH:  0    Dex: 11    Spells: 6/6 levels left

rFire   . . .        a - +0 mace
rCold   . . .        (no shield)
rNeg    . . .        (helmet restricted)
rPois   .            (no amulet)
rElec   .            (no ring)
rCorr   .            (no ring)
SInv    .            (no ring)
Will    .....        (no ring)
Stlth   ++           (no ring)
HPRegen 0.28/turn    (no ring)
MPRegen 0.10/turn    (no ring)
                     (no ring)

%: no passive effects
@: lightly drained, invisible
A: almost no armour, amphibious, 8 rings, camouflage 1, gelatinous body 1,
(nimble swimmer 1), tentacles
a: Renounce Religion, Berserk, Trog's Hand


You were on level 5 of the Dungeon.
You worshipped Trog.
Trog was most pleased with you.
You visited 1 branch of the dungeon, and saw 7 of its levels.

You collected 328 gold pieces.

Inventory:

Hand Weapons
 a - a +0 mace (weapon)
 d - a +0 club of chaos
 o - a +0 morningstar
Missiles
 f - 41 stones
 g - a throwing net
 h - 11 poisoned darts
 i - 7 boomerangs (quivered)
 q - 5 atropa-tipped darts
Jewellery
 n - a ring of ice
Scrolls
 c - 3 scrolls of noise
 e - 2 scrolls of poison
 p - 2 scrolls of enchant armour
Potions
 b - a potion of haste
 l - a potion of lignification {unknown}


   Skills:
 * Level 6.2 Fighting
 * Level 6.2 Maces & Flails
 + Level 4.8 Dodging


You had 6 spell levels left.
You didn't know any spells.
Your spell library was empty.

Dungeon Overview and Level Annotations

Branches:
Dungeon (7/15)             Temple (0/1) D:7

Altars:
Ashenzari
Fedhas
Gozag
Hepliaklqana
Kikubaaqudgha
Sif Muna
Trog
Wu Jian
Xom
Yredelemnul

Shops:
D:4 (

Annotations:
D:6 Pikel
D:7 rutigerpupkin's ghost, novice GrEE


Innate Abilities, Weirdness & Mutations

You cannot wear most types of armour.
You are amphibious.
You can wear up to eight rings at the same time.
Your skin changes colour to match your surroundings (Stealth+).
Your rubbery body absorbs attacks. (AC +1, EV +1)
((You are camouflaged when in or above water. (Stealth+)))
You have tentacles for arms and can constrict up to eight enemies at once.


Message History

The centaur shoots an arrow.
The arrow hits you!
The centaur unwields a +0 orcbow.
The centaur barely misses you. The centaur misses you.
You hit the centaur but do no damage. The centaur hits you.
The centaur misses you. The centaur completely misses you.
The centaur closely misses you.
You hit the centaur but do no damage. You squeeze the centaur.
The centaur is lightly wounded.
The centaur hits you. The centaur kicks you. The centaur hits you.
* * * LOW HITPOINT WARNING * * *
The centaur kicks you.
* * * LOW HITPOINT WARNING * * *
You barely miss the centaur.
The centaur is lightly wounded.
The centaur barely misses you. The centaur kicks you.
* * * LOW HITPOINT WARNING * * *
You hit the centaur.
The centaur is moderately wounded.
The centaur hits you.
* * * LOW HITPOINT WARNING * * *
The centaur barely misses you. The centaur closely misses you.
The centaur kicks you.
* * * LOW HITPOINT WARNING * * *
It was a potion of invisibility.
You fade into invisibility!
The centaur misses you. x2
You catch the helpless centaur completely off-guard!
You hit the centaur.
The centaur is moderately wounded.
The centaur barely misses you. The centaur kicks you.
* * * LOW HITPOINT WARNING * * *
The centaur misses you. The centaur closely misses you.
You hit the centaur.
The centaur is heavily wounded.
The centaur barely misses you. The centaur closely misses you.
The centaur barely misses you. The centaur kicks you.
* * * LOW HITPOINT WARNING * * *
The centaur wields a +0 orcbow.
The centaur shoots an arrow.
The arrow hits you!
You die...

##.........
###..#######
########....#
#...........#
#....P......#
##.._.P..≈≈..#
#.....P.§§≈..#
#..PPPP.§§§..#
#..@..!..§≈..##
#........≈≈...#
#..c§≈≈≈≈≈§...#
#.[.≈§§≈≈≈≈...#
#......§......#
#.......§.....#
#..#######.#..######
##. ..............
## ######........


You could see a centaur (unable to see you).

Vanquished Creatures
  Menkaure (D:4)
  A black bear (D:3)
  A necrophage (D:4)
  A howler monkey (D:4)
  2 hounds
  2 jellies
  A gnoll bouda (D:5)
  A centaur skeleton (D:4)
  Jessica (D:3)
  An iguana (D:4)
  An orc wizard (D:4)
  3 hound zombies (D:4)
  6 gnolls (D:5)
  4 adders
  2 adder skeletons (D:4)
  2 adder zombies (D:4)
  4 dart slugs
  21 orcs
  4 endoplasms
  6 giant cockroaches
  2 goblins
  2 hobgoblins (D:2)
  3 jackals (D:1)
  4 kobolds
  A quokka (D:2)
  2 ball pythons
  5 bats
  4 rats
88 creatures vanquished.

Notes
Turn   | Place    | Note
-------+----------+-------------------------------------------
     0 | D:1      | firemarshallily the Octopode Berserker began the quest for
                  | the Orb.
     0 | D:1      | Reached XP level 1. HP: 16/16 MP: 1/1
   433 | D:1      | Reached XP level 2. HP: 21/21 MP: 2/2
   981 | D:2      | Reached ** piety under Trog
  1188 | D:2      | Reached XP level 3. HP: 26/26 MP: 3/3
  1303 | D:3      | Found an opulent altar of Gozag.
  1351 | D:3      | Reached XP level 4. HP: 33/33 MP: 4/4
  1617 | D:3      | Reached XP level 5. HP: 34/37 MP: 5/5
  1686 | D:3      | Noticed a black bear
  1711 | D:3      | Killed a black bear
  1840 | D:3      | Reached XP level 6. HP: 44/44 MP: 6/6
  1840 | D:3      | Found a bloodstained altar of Trog.
  1982 | D:3      | Noticed Jessica
  1986 | D:3      | Killed Jessica
  2294 | D:4      | Found a basalt altar of Yredelemnul.
  2294 | D:4      | Found a hazy altar of Hepliaklqana.
  2373 | D:4      | Found a blossoming altar of Fedhas.
  2388 | D:4      | Found Jisuahir's Weapon Emporium.
  2414 | D:4      | Noticed Menkaure
  2418 | D:4      | Reached skill level 5 in Fighting
  2418 | D:4      | Reached skill level 5 in Maces & Flails
  2422 | D:4      | Killed Menkaure
  2423 | D:4      | Reached XP level 7. HP: 50/50 MP: 7/7
  3145 | D:4      | Found an ancient bone altar of Kikubaaqudgha.
  3234 | D:5      | Entered Level 5 of the Dungeon
  3403 | D:5      | You fall into a shaft and drop 2 floors!
  3429 | D:7      | Found an ornate altar of the Wu Jian Council.
  3450 | D:7      | Noticed rutigerpupkin's ghost (novice GrEE)
  3479 | D:7      | Found a staircase to the Ecumenical Temple.
  3556 | D:6      | Noticed Pikel
  3610 | D:5      | Reached *** piety under Trog
  3616 | D:5      | HP: 2/51 [gnoll/+0 dagger of chaos (3)]
  3821 | D:5      | Found a shimmering altar of Xom.
  3856 | D:5      | Found a shimmering blue altar of Sif Muna.
  3906 | D:5      | Found a broken altar of Ashenzari.
  3923 | D:5      | HP: 1/51 [centaur (2)]
  3924 | D:5      | Shot with an arrow by a centaur

Illustrated notes

Levels and vault maps discovered:
D:1:      denvon_arrival_planthouse, layout_basic
D:2:      layout_basic
D:3:      layout_loops_ring, mainiacjoe_overflow_alcove_1,
          amcnicky_altar_gilded, st_stairs_10, uniq_jessica
D:4:      layout_loops_ring, fedhas_ov_isle_minmay,
          lemuel_mausoleum_altar_kikubaaqudgha,
          mainiacjoe_overflow_divided_tiny, serial_shops, shop, uniq_menkaure
D:5:      layout_cave_pods, tgw_xom, kennysheep_mini_moat,
          mainiacjoe_overflow_chevrons, hangedman_decor_clover_reticule,
          dk_rats_in_the_wall
D:6:      layout_loops_ring, overflow_temple_1_default,
          nicolae_uskayaw_dance_studio, serial_shops, shop, minmay_microvault,
          uniq_pikel
D:7:      layout_cave_pools, mainiacjoe_overflow_cross_hatched,
          mainiacjoe_overflow_brackets, minmay_temple_entry_mist,
          gammafunk_ghost_icy

Skill      XL: |  1  2  3  4  5  6  7 |
---------------+----------------------+-----
Fighting       | 4 5 6 |  6.2
Maces & Flails | 4 5 6 |  6.2
Dodging        | 4 |  4.8

Action                     |  1- 3 |  4- 6 |  7- 9 || total
---------------------------+-------+-------+-------++-------
  Melee: Mace              |    35 |    63 |    89 ||   187
         Constrict         |     6 |    22 |    21 ||    49
         Tentacles         |     6 |    18 |    19 ||    43
         Punch             |       |       |     1 ||     1
  Throw: Stone             |       |     5 |       ||     5
 Invoke: Berserk           |       |       |     1 ||     1
    Use: Scroll            |       |     2 |     5 ||     7
         Potion            |       |       |     6 ||     6
   Stab: Sleeping          |     4 |     1 |     1 ||     6
         Distracted        |       |     1 |       ||     1
         Invisible         |       |       |     1 ||     1
 Armour: Skin              |    14 |    24 |    58 ||    96
  Dodge: Dodged            |    20 |    40 |    85 ||   145
